 Dungeon Crawl Stone Soup version 0.23.2-33-g5129a83184 (webtiles) character file.

Game seed: 1923042474671045532

416 Matador8 the Purveyor of Pain (level 6, 0/41 HPs)
             Began as a Demonspawn Necromancer on June 26, 2019.
             Was an Initiate of Kikubaaqudgha.
             Slain by a gnoll
             ... wielding a +0 flail
              (12 damage)
             ... on level 8 of the Dungeon.
             The game lasted 00:20:06 (4040 turns).

Matador8 the Purveyor of Pain (DsNe)                Turns: 4040, Time: 00:20:07

Health: 0/41       AC:  4    Str: 13    XL:     6   Next: 60%
Magic:  0/13       EV: 12    Int: 18    God:    Kikubaaqudgha [......]
Gold:   265        SH:  4    Dex: 14    Spells: 2/14 levels left

rFire    . . .     SeeInvis .   p - +0 dagger (speed)
rCold    . . .     Gourm    .   (no shield)
rNeg     . . .     Faith    .   q - +0 leather armour
rPois    .         Spirit   .   (helmet restricted)
rElec    .         Reflect  .   o - +0 cloak
rCorr    .         Harm     .   (no gloves)
MR       .....                  (no boots)
Stlth    ++........             (no amulet)
HPRegen  0.13/turn              (no ring)
MPRegen  0.13/turn              (no ring)

@: mighty
A: antennae 1, large bone plates 1, demonic guardian 1
a: Renounce Religion


You were on level 8 of the Dungeon.
You worshipped Kikubaaqudgha.
Kikubaaqudgha was noncommittal.
You were hungry.

You visited 2 branches of the dungeon, and saw 7 of its levels.

You collected 265 gold pieces.

Inventory:

Hand Weapons
 h - a +0 short sword
 p - a +0 dagger of speed (weapon)
Missiles
 n - 13 poisoned needles
Armour
 a - a +0 robe
 d - a cursed +0 chain mail
 o - a +0 cloak (worn)
 q - a +0 leather armour (worn)
Wands
 g - a wand of iceblast (3)
 u - a wand of random effects (18)
 v - a wand of flame (15)
Scrolls
 b - 2 scrolls of amnesia
 e - a scroll of fear {unknown}
 i - 2 scrolls of remove curse
 j - a scroll of teleportation {unknown}
 k - a scroll of identify
Potions
 f - 2 potions of curing
 l - a potion of lignification
 m - a potion of mutation {unknown}
 r - a potion of flight {unknown}
 s - a potion of might
Comestibles
 c - 5 rations


   Skills:
 - Level 1.7 Dodging
 - Level 1.7 Stealth
 + Level 4.8 Spellcasting
 + Level 2.5 Charms
 - Level 6.0 Necromancy


You had 2 spell levels left.
You knew the following spells:

 Your Spells              Type           Power        Failure   Level  Hunger
a - Pain                  Necr           ####         1%          1    None
b - Animate Skeleton      Necr           N/A          1%          1    None
c - Vampiric Draining     Necr           ####......   4%          3    ###....
d - Regeneration          Chrm/Necr      ###.......   9%          3    ###....
e - Animate Dead          Necr           N/A          14%         4    ####...

Your spell library contained the following spells:

 Spells                   Type           Power        Failure   Level  Hunger


Dungeon Overview and Level Annotations

Branches:
Dungeon (5/15)             Temple (1/1) D:4

Altars:
Ashenzari
Cheibriados
Dithmenos
Elyvilon
Fedhas
Gozag
Kikubaaqudgha
Nemelex Xobeh
Qazlal
Ru
Trog
Uskayaw
Vehumet
Wu Jian
Xom
Yredelemnul
Zin

Annotations:
D:4 Sigmund


Innate Abilities, Weirdness & Mutations

You have a pair of small antennae on your head.
You are partially covered in large bone plates. (SH +4)
A weak demonic guardian rushes to your aid.


Message History

Your ufetubus hits the gnoll but does no damage.
You hit the gnoll.
The gnoll is almost dead.
The gnoll hits you.
Your ufetubus hits the gnoll. x2
You closely miss the gnoll.
The gnoll is almost dead.
The gnoll hits your ufetubus with a +0 flail!
Your ufetubus dies!
You block the gnoll's attack.
You barely miss the gnoll.
The gnoll is almost dead.
You block the gnoll's attack.
Casting: Pain (safe; 1% risk of failure)
Confirm with . or Enter, or press ? or * to list all spells.
Aiming: Pain (safe; 1% risk of failure)
Press: ? - help, Shift-Dir - straight line, f - gnoll
Aim: a gnoll (almost dead, chance to defeat MR: 89%)
The gnoll barely resists.
The gnoll hits you with a +0 flail!
You die...
Kikubaaqudgha rasps: "You have failed me!
Welcome... death!"

###............o....
#...................
....................
........>....#
.............#
.............#
............)#
.........g.).#
........@g...#
#..........###
####...##### ####


You could see 2 gnolls.

Vanquished Creatures
  An orc warrior (D:8)
  An ogre (D:4)
  A scorpion (D:8)
  Jessica (D:3)
  Ijyb (D:4)
  6 adders
  An ooze (D:4)
  3 worms
  A dart slug (D:1)
  2 leopard geckos (D:3)
  An orc (D:8)
  8 giant cockroaches
  4 goblins
  4 hobgoblins
  3 jackals (D:3)
  6 kobolds
  2 ball pythons (D:2)
  5 bats
  A frilled lizard (D:3)
  6 rats
58 creatures vanquished.

Vanquished Creatures (collateral kills)
  A hound (D:8)
  A gnoll (D:8)
  An adder skeleton (D:4)
  A worm (D:2)
  An orc (D:8)
  A goblin (D:1)
  3 hobgoblins
  A kobold (D:2)
  A quokka (D:3)
  A rat (D:1)
12 creatures vanquished.

Grand Total: 70 creatures vanquished

Notes
Turn   | Place    | Note
-------+----------+-------------------------------------------
     0 | D:1      | Matador8 the Demonspawn Necromancer began the quest for the
                  | Orb.
     0 | D:1      | Reached XP level 1. HP: 13/13 MP: 3/3
   367 | D:1      | Learned a level 1 spell: Animate Skeleton
   532 | D:1      | Gained mutation: You are partially covered in large bone
                  | plates. (SH +4) [demonic ancestry]
   532 | D:1      | Reached XP level 2. HP: 15/19 MP: 0/5
  1552 | D:2      | Reached skill level 5 in Necromancy
  1552 | D:2      | Gained mutation: You have a pair of small antennae on your
                  | head. [demonic ancestry]
  1552 | D:2      | Reached XP level 3. HP: 24/24 MP: 4/7
  1574 | D:2      | Learned a level 3 spell: Vampiric Draining
  1807 | D:2      | Found a bloodstained altar of Trog.
  2168 | D:3      | Learned a level 3 spell: Regeneration
  2178 | D:3      | Reached XP level 4. HP: 28/30 MP: 5/8
  2966 | D:3      | Noticed Jessica
  2977 | D:3      | Killed Jessica
  3173 | D:3      | Found a shimmering altar of Xom.
  3174 | D:3      | Found a blossoming altar of Fedhas.
  3324 | D:4      | Reached XP level 5. HP: 31/35 MP: 3/10
  3381 | D:4      | Noticed Ijyb
  3395 | D:4      | Killed Ijyb
  3399 | D:4      | Noticed an ogre
  3509 | D:4      | Found a staircase to the Ecumenical Temple.
  3534 | Temple   | Entered the Ecumenical Temple
  3576 | Temple   | Became a worshipper of Kikubaaqudgha
  3608 | D:4      | Reached skill level 6 in Necromancy
  3662 | D:4      | Killed an ogre
  3662 | D:4      | Reached skill level 1 in Charms
  3750 | D:4      | Noticed Sigmund
  3952 | D:5      | Entered Level 5 of the Dungeon
  3981 | D:5      | You fall through a shaft for 3 floors!
  3992 | D:8      | Gained mutation: A weak demonic guardian rushes to your
                  | aid. [demonic ancestry]
  3992 | D:8      | Reached XP level 6. HP: 39/41 MP: 8/12
  4001 | D:8      | Learned a level 4 spell: Animate Dead
  4007 | D:8      | Noticed an orc warrior
  4022 | D:8      | Killed an orc warrior
  4040 | D:8      | Slain by a gnoll

Skill      XL: |  1  2  3  4  5  6 |
---------------+-------------------+-----
Necromancy     | 5 6 |  6.0
Spellcasting   | 3 4 |  4.8
Charms         | 1 2 |  2.5
Dodging        | |  1.7
Stealth        | |  1.7

Action                   |  1- 3 |  4- 6 || total
-------------------------+-------+-------++-------
Melee: Short sword       |    55 |       ||    55
       Unarmed           |     1 |       ||     1
       Dagger            |     2 |    95 ||    97
 Cast: Pain              |    46 |    38 ||    84
       Animate Skeleton  |    15 |    10 ||    25
       Vampiric Draining |     2 |     8 ||    10
       Animate Dead      |       |     1 ||     1
  Use: Scroll            |       |     6 ||     6
       Potion            |       |     1 ||     1
 Stab: Sleeping          |     3 |     3 ||     6
       Distracted        |     1 |       ||     1
  Eat: Chunk             |     5 |     6 ||    11
Armor: Robe              |    21 |     7 ||    28
       Leather armour    |       |     4 ||     4
Dodge: Dodged            |    46 |    36 ||    82
Block: Other             |    10 |    13 ||    23
